 Dungeon Crawl Stone Soup version 0.31-a0-150-g89dc3ad700 (webtiles) character file.

Game seed: 16129111825834578535

253473 Irreverend the Acrobat (level 18, -25/93 (94) HPs)
             Began as a Felid Summoner on June 7, 2023.
             Was an Initiate of Jiyva.
             Annihilated by a reaper
             ... wielding a +2 scythe of venom
              (44 damage)
             ... on level 1 of the Crypt on June 9, 2023.
             The game lasted 03:50:19 (74329 turns).

Irreverend the Acrobat (Felid Summoner)            Turns: 74329, Time: 03:50:19

HP:   -25/93 (94)   AC: 18    Str:  4    XL:     18   Next: 99%
MP:   11/33         EV: 39    Int: 29    God:    Jiyva [......]
Gold: 1102          SH:  0    Dex: 15    Spells: 5/37 levels left
                                        Lives: 0   Deaths: 4

rFire   . .          .
                       - Unarmed
rCold   + . .        (shield unavailable)
rNeg    . . .        (body armour unavailable)
rPois   ∞            (helmet unavailable)
rElec   +            (cloak unavailable)
rCorr   +            (gloves unavailable)
SInv    +            (boots unavailable)
Will    +++..        T - amulet "Koretouc" {RegenMP rC+ Will+ Int+3}
Stlth   ++           V - ring of resist corrosion
HPRegen 0.35/turn    P - +6 ring of intelligence
MPRegen 0.63/turn

%: no passive effects
@: storm-form, flying, very slightly contaminated, lightly drained
A: cleaving, insubstantial, flying, very small, (claws 1), (fangs 3), see
invisible, (speed 1), (shaggy fur 3), (stealthy paws), no weapons or thrown
items, no armour, multi-lived, clumsy 1, dopey 2
}: 2/15 runes: serpentine, barnacled
a: Blinkbolt, End Transformation, Renounce Religion


You were on level 1 of the Crypt.
You worshipped Jiyva.
Jiyva was noncommittal.
You were a lightning-filled tempest!
You visited 10 branches of the dungeon, and saw 43 of its levels.
You also visited: Bailey.

You collected 13963 gold pieces.
You spent 4716 gold pieces at shops.
You paid 8145 gold pieces to Gozag.

Inventory:

Jewellery
 c - a ring of flight
 d - an amulet of guardian spirit
 i - a ring of willpower
 o - an amulet of reflection
 v - an amulet of regeneration
 x - an amulet of the acrobat
 G - a +4 ring of protection
 K - a ring of willpower
 M - a +4 ring of slaying
 N - a ring of magical power
 P - a +6 ring of intelligence (right paw)
 T - the amulet "Koretouc" (around neck) {RegenMP rC+ Will+ Int+3}
   (You bought it in a shop on level 2 of the Vaults)

   [amulet of magic regeneration]

   It increases your rate of magic regeneration.
   Int:       It affects your intelligence (+3).
   rC:        It protects you from cold.
   Will:      It increases your willpower.
 U - the amulet of Lugonu, Bespelling {Spirit rN+}
   (You found it on level 4 of the Shoals)

   [amulet of guardian spirit]

   It causes incoming damage to be divided between your reserves of health and
   magic.
   rN:        It protects you from negative energy.
 V - a ring of resist corrosion (left paw)
 X - a ring of protection from fire
 Y - the amulet "Vuukenge" {Regen+ Int+3}
   (You bought it in a shop on level 1 of the Elven Halls)

   [amulet of regeneration]

   Int:       It affects your intelligence (+3).
   Regen:     It increases your rate of health regeneration.
Wands
 n - a wand of roots (10)
 u - a wand of flame (36)
 H - a wand of acid (21)
 I - a wand of mindburst (10)
 L - a wand of polymorph (25)
 O - a wand of charming (16)
 S - a wand of digging (10)
Scrolls
 h - 2 scrolls of fear
 l - 9 scrolls of teleportation
 p - 5 scrolls of poison
 w - 3 scrolls of vulnerability
 y - 4 scrolls of immolation
 z - 6 scrolls of magic mapping
 C - 3 scrolls of identify
 E - 3 scrolls of noise
 F - 2 scrolls of butterflies
 J - 6 scrolls of fog
 Q - 3 scrolls of torment
Potions
 a - 4 potions of magic
 b - 3 potions of heal wounds
 f - 7 potions of attraction
 g - 4 potions of resistance
 j - 7 potions of curing
 k - 7 potions of brilliance
 m - 5 potions of haste
 q - 10 potions of mutation
 r - 2 potions of ambrosia
 s - a potion of berserk rage
 t - 7 potions of might
 A - 3 potions of invisibility
 B - 4 potions of lignification
 D - 3 potions of enlightenment
 W - 2 potions of degeneration {unknown}
Miscellaneous
 R - a sack of spiders


   Skills:
 + Level 18.0 Fighting
 - Level 21.0 Dodging
 - Level 2.6 Stealth
 + Level 15.2 Unarmed Combat
 - Level 10.2 Spellcasting
 - Level 2.7 Hexes
 - Level 10.0 Summonings
 + Level 11.0 Translocations
 - Level 16.0 Transmutations
 - Level 16.0 Air Magic
 - Level 4.9 Earth Magic


You had 5 spell levels left.
You knew the following spells:

 Your Spells              Type           Power      Damage    Failure   Level
a - Manifold Assault      Tloc           68%        N/A       1%          4
b - Passage of Golubria   Tloc           68%        N/A       1%          4
c - Storm Form            Tmut/Air       41%        N/A       4%          7
d - Summon Guardian Gole  Hex/Summ       51%        N/A       1%          3
e - Summon Lightning Spi  Summ/Air       74%        N/A       1%          4
f - Summon Forest         Summ/Tloc      33%        N/A       1%          5
g - Summon Mana Viper     Hex/Summ       51%        N/A       8%          5

Your spell library contained the following spells:

 Spells                   Type           Power      Damage    Failure   Level
 Apportation              Tloc           100%       N/A       1%          1
 Sandblast                Erth           86%        2d18      1%          1
 Sting                    Tmut/Pois      100%       1d8       1%          1
 Summon Small Mammal      Summ           100%       N/A       1%          1
 Call Imp                 Summ           100%       N/A       1%          2
 Lesser Beckoning         Tloc           100%       N/A       1%          2
 Passwall                 Tmut/Erth      55%        N/A       1%          2
 Poisonous Vapours        Pois/Air       100%       N/A       1%          2
 Call Canine Familiar     Summ           64%        N/A       1%          3
 Gell's Gravitas          Tloc           68%        N/A       1%          3
 Spider Form              Tmut/Pois      57%        N/A       1%          3
 Teleport Other           Tloc           68%        N/A       1%          3
 Vhi's Electric Charge    Tloc/Air       100%       N/A       1%          3
 Blade Hands              Tmut           41%        N/A       1%          5
 Silence                  Hex/Air        31%        N/A       2%          5
 Yara's Violent Unravell  Hex/Tmut       31%        3d13      2%          5
 Magic Dart               Conj           56%        1d5       3%          1
 Necrotise                Necr           56%        1d6       3%          1
 Ensorcelled Hibernation  Hex/Ice        44%        N/A       3%          2
 Tukima's Dance           Hex            30%        N/A       3%          3
 Iskenderun's Mystic Bla  Conj/Tloc      46%        2d10      3%          4
 Alistair's Intoxication  Tmut/Pois      38%        N/A       3%          5
 Arcjolt                  Conj/Air       28%        1d38      3%          5
 Irradiate                Conj/Tmut      28%        3d21      3%          5
 Stone Arrow              Conj/Erth      58%        3d10      4%          3
 Summon Ice Beast         Ice/Summ       43%        N/A       4%          4
 Searing Ray              Conj           28%        2d5       5%          2
 Dazzling Flash           Conj/Hex       44%        N/A       6%          3
 Leda's Liquefaction      Hex/Erth       18%        N/A       8%          4
 Vampiric Draining        Necr           14%        2d7       11%         3
 Lee's Rapid Deconstruct  Erth           21%        3d12*     14%         5
 Anguish                  Hex/Necr       11%        N/A       22%         4
 Fulminant Prism          Conj/Hex       11%        3d8       22%         4
 Olgreb's Toxic Radiance  Pois           14%        N/A       36%         4
 Agony                    Necr           14%        N/A       71%         5
 Dragon Form              Tmut           41%        N/A       4%          7
 Dispersal                Tloc           34%        N/A       6%          6
 Statue Form              Tmut/Erth      44%        N/A       8%          6
 Eringya's Noxious Bog    Tmut/Pois      28%        N/A       22%         6
 Plasma Beam              Fire/Air       28%        2x1d41    22%         6
 Maxwell's Capacitive Co  Air            41%        ∞         34%         8
 Malign Gateway           Summ/Tloc      33%        N/A       38%         7
 Monstrous Menagerie      Summ           32%        N/A       45%         7
 Summon Hydra             Summ           32%        N/A       45%         7
 Leda's Unmaking          Conj/Erth      14%        9d3       90%         6
 Disjunction              Tloc           34%        N/A       95%         8
 Starburst                Conj/Fire      7%         6d4       99%         6
 Lehudib's Crystal Spear  Conj/Erth      14%        10d5      100%        8
 Portal Projectile        Hex/Tloc       Unusable   N/A       N/A         3
 Animate Armour           Summ/Erth      Unusable   N/A       N/A         4

Dungeon Overview and Level Annotations

Branches:
Dungeon (15/15)            Temple (1/1) D:7            Lair (5/5) D:10
 Shoals (4/4) Lair:3        Snake (4/4) Lair:2        Slime (5/5) Lair:4
    Orc (2/2) D:11            Elf (2/3) Orc:2        Vaults (4/5) D:14
  Crypt (1/3) Vaults:3     Depths (0/4) D:15         Bailey (visited)

Altars:
Ashenzari
Cheibriados
Dithmenos
Elyvilon
Fedhas
Gozag
Hepliaklqana
Kikubaaqudgha
Makhleb
Nemelex Xobeh
Okawaru
Qazlal
Ru
Sif Muna
Trog
Uskayaw
Vehumet
Wu Jian
Xom
Yredelemnul
Zin
The Shining One
Jiyva

Shops:
D:1 [   D:2 [   D:11 *=:   Orc:1 :=   Orc:2 ?[[(   Elf:1 (*   Elf:2 =[((=
Shoals:1 (   Shoals:2 (   Shoals:3 [   Snake:3 (:[   Snake:4 :
Vaults:2 [!*=::   Vaults:3 *   Vaults:4 :

Annotations:
D:7 3 runed translucent doors, Starbright's ghost, novice OpCj
Slime:5 Royal Jelly
Elf:2 2 runed translucent doors, Ewetirimn's ghost, adept MiBe


Innate Abilities, Weirdness & Mutations

You are a lightning-filled tempest!
Your electrical attacks strike out in all directions at once.
You are incredibly evasive.
Your insubstantial body is immune to petrification, constriction, and being set on fire You are flying.
You are immune to poison.
((You have sharp claws.))
((You have razor-sharp teeth.))
You have supernaturally acute eyesight. (SInv)
((You cover ground quickly. (Speed+)))
((Your thick and shaggy fur keeps you warm. (AC +3, rC+)))
((Your paws help you pounce on unaware monsters.))
You are incapable of wielding weapons or throwing items.
You cannot wear armour.
You gain extra lives every three experience levels.
You are clumsy. (Dex -2)
You are very dopey. (Int -4)


Message History

The reaper hits your butterfly with a +2 scythe of venom!!!
Your butterfly dies!
Your butterfly disappears in a burst of colours!
The wraith closely misses your butterfly.
Your butterfly is caught in a web!
The wraith hits your butterfly!
Your butterfly dies!
Your butterfly disappears in a burst of colours!
Something hits the wraith but does no damage.
Your butterfly struggles to get unstuck from the web.
Your butterfly struggles to get unstuck from the web.
The reaper hits your butterfly with a +2 scythe of venom!!!
Your butterfly dies!
Your butterfly disappears in a burst of colours!
Your butterfly struggles to get unstuck from the web.
The wraith completely misses your butterfly.
Something closely misses the wraith.
Your butterfly struggles to get unstuck from the web.
Your butterfly struggles to get unstuck from the web.
The wraith hits your butterfly!
Your butterfly dies!
Your butterfly disappears in a burst of colours!
Something hits the wraith but does no damage.
Your butterfly pulls away from the web.
There is an open gate here.
Your butterfly is caught in a web!
Your butterfly struggles to get unstuck from the web.
Your butterfly struggles to get unstuck from the web.
Your butterfly pulls away from the web.
The reaper hits you from afar with a +2 scythe of venom.
* * * LOW HITPOINT WARNING * * *
You swap places.
The jelly oozes through a web.
The reaper completely misses you.
Aiming: Blinkbolt
Press: ? - help, Dir - move target, f - butterfly
Aim: a butterfly (summoned, friendly, 86% to hit)
Why would you want to do that?
The reaper hits you from afar with a +2 scythe of venom!!!
You die...

#######
###8^⌠^8###
#8.^^...^8#
##.........##
#8^.⌠...⌠.^8#
#^.Jb.<.....#
#⌠.........⌠#
#....b......#
#8..⌠bv.⌠..8#
##........^##
#8^..2...8#
###8...8###
##^..## #..^#
#'W'# #...# #
#..##
###########


You could see a reaper (berserk, incited, ally target), a wraith and a neutral
jelly (wandering) (fellow slime).

Vanquished Creatures
  Sojobo (Vaults:4)
  Boris (Vaults:4)
  A deep elf blademaster (Elf:2)
  2 acid blobs
  Polyphemus (Shoals:4)
  A sphinx (Shoals:4)
  2 tengu reavers
  A shadow dragon (Vaults:4)
  Donald (Vaults:4)
  3 rockslimes
  2 revenants (Crypt:1)
  A deep elf sorcerer (Elf:1)
  A fire giant (Vaults:3)
  8 vault wardens
  A war gargoyle (Vaults:3)
  An orc warlord (Vaults:3)
  A deep elf elementalist (Elf:2)
  A ghoul (Vaults:3)
  A quicksilver ooze (Slime:4)
  11 ironbound preservers
  4 formless jellyfish
  9 ironbound thunderhulks
  A stone giant (Vaults:4)
  A very ugly thing (Vaults:1)
  4 vampire knights (Crypt:1)
  A minotaur (Shoals:4)
  8 dire elephants
  A deep elf annihilator (Vaults:2)
  Azrael (Elf:2)
  A crystal guardian (Vaults:4)
  A deep elf death mage (Elf:2)
  2 merfolk impalers (Shoals:2)
  2 merfolk javelineers
  5 great orbs of eyes
  2 jiangshi (Crypt:1)
  An entropy weaver (Vaults:1)
  7 yaktaur captains
  A vault guard (Vaults:1)
  6 ironbound frosthearts
  A peacekeeper (Vaults:4)
  A catoblepas (Shoals:4)
  3 centaur warriors
  A boulder beetle (Vaults:2)
  A merfolk avatar (Shoals:4)
  10 satyrs
  2 death yaks (Shoals:4)
  A merfolk aquamancer (Shoals:3)
  12 dancing weapons
  2 vampire magi
  10 deep elf knights
  3 hell knights (Vaults:4)
  6 skeletal warriors (Crypt:1)
  4 skysharks
  30 deep trolls
  7 sea snakes
  A glowing orange brain (Slime:4)
  6 deep elf archers
  7 ironbound convokers
  14 deep elf pyromancers
  17 harpies
  2 necromancers
  9 wizards
  6 phantasmal warriors (Crypt:1)
  4 lindwurms
  An iron dragon zombie (Vaults:4)
  6 deep elf zephyrmancers
  A stone giant zombie (Vaults:4)
  A shadow dragon skeleton (Vaults:4)
  15 ugly things
  5 manticores
  A cyclops (D:15)
  9 fauns
  3 merfolk sirens
  32 slime creatures
  4 water nymphs
  An ice statue (Elf:2)
  A cane toad (shapeshifter) (Vaults:4)
  7 vault sentinels
  A white draconian zombie (Crypt:1)
  25 yaktaurs
  2 freezing wraiths
  A yaktaur skeleton (Vaults:4)
  An iron troll skeleton (Crypt:1)
  An iron troll zombie (Crypt:1)
  5 merfolk
  A wind drake (Shoals:3)
  A great orb of eyes zombie (Crypt:1)
  5 snapping turtles
  A flying skull (Vaults:3)
  5 water elementals
  An elf zombie (Vaults:4)
  4 golden eyes
  2 redbacks (Vaults:1)
  A warg (Elf:2)
  An ogre zombie (Vaults:4)
  A floating eye (Slime:4)
  A hell hound (Elf:2)
  A merfolk skeleton (Crypt:1)
  4 boggarts
  2 nameless horrors
  An earth elemental (Elf:2)
  An ogre simulacrum (Vaults:4)
  A gnoll (D:5)
  An adder (D:2)
  A steam dragon skeleton (Crypt:1)
  A bat (D:2)
  A tentacle (Shoals:1)
421 creatures vanquished.

Vanquished Creatures (collateral kills)
  Vashnia (Snake:4)
  Nikola (Snake:3)
  Kirke (Lair:5)
  A kraken (Shoals:1)
  2 sphinxes
  A tengu reaver (Vaults:4)
  Gastronok (D:10)
  The ghost of olmar the Wrestler, an adept DrTm of Gozag (Elf:1)
  6 nagarajas
  An ironbound preserver (Vaults:4)
  A formless jellyfish (Vaults:4)
  A deep elf demonologist (Elf:2)
  2 dire elephants
  Snorg (D:12)
  A crystal guardian (Vaults:3)
  A deep elf high priest (Elf:2)
  An entropy weaver (Vaults:1)
  A great orb of eyes (Vaults:4)
  A merfolk impaler (Shoals:4)
  Harold (Orc:1)
  2 yaktaur captains
  3 hydras
  A vault guard (D:14)
  A catoblepas (D:15)
  4 merfolk avatars
  An ogre mage (D:15)
  A peacekeeper (Vaults:3)
  11 anacondas
  2 satyrs (Shoals:4)
  10 centaur warriors
  16 dancing weapons
  14 naga warriors
  8 two-headed ogres
  6 death yaks
  15 naga sharpshooters
  9 orc high priests
  5 shock serpents
  7 deep elf knights (Elf:2)
  A hell knight (Vaults:4)
  Sonja (Orc:2)
  5 skysharks
  A skeletal warrior (Crypt:1)
  2 salamander mystics
  A wizard (Vaults:4)
  3 naga ritualists
  6 sea snakes
  4 deep trolls
  4 deep elf archers
  2 necromancers (Vaults:4)
  3 ironbound convokers (Vaults:1)
  2 lindwurms
  6 harpies
  11 deep elf pyromancers
  An orc knight (Orc:2)
  10 ugly things
  3 mana vipers
  8 deep elf zephyrmancers
  8 manticores
  2 orc sorcerers
  6 fauns
  5 elephants
  4 merfolk sirens
  11 guardian serpents
  9 salamanders
  7 naga magi
  4 water nymphs
  27 black mambas
  11 cane toads
  A gargoyle (D:13)
  2 vault sentinels
  2 unseen horrors (D:11)
  A rime drake (shapeshifter) (D:13)
  3 rime drakes
  4 komodo dragons
  A freezing wraith (D:15)
  3 kobold demonologists
  A human zombie (Vaults:4)
  10 yaktaurs
  4 trolls
  8 merfolk
  3 meliai (D:12)
  6 polar bears
  4 wind drakes
  2 hornets
  A tarantella (shapeshifter) (D:15)
  10 blink frogs
  7 dream sheep (Lair:4)
  2 snapping turtles
  An ettin zombie (Vaults:4)
  An air elemental (Elf:2)
  17 slime creatures
  2 vampires (D:12)
  A spriggan (Lair:3)
  A shadow (D:10)
  5 water elementals
  28 yaks
  7 hogs (Lair:5)
  7 wyverns
  2 steam dragons
  3 basilisks
  3 redbacks (Vaults:1)
  3 fire elementals
  36 nagas
  3 swamp worms (Lair:2)
  4 acid dragons
  4 wargs (Orc:2)
  A hell hound (Elf:2)
  23 water moccasins
  5 nameless horrors
  A swamp drake (Lair:5)
  2 black bears (Lair:3)
  A sky beast (D:7)
  16 orc warriors
  An ice beast (D:5)
  6 ogres
  2 boggarts (Vaults:1)
  5 wolves
  14 centaurs
  2 lemures (D:7)
  2 phantoms
  5 kobold brigands
  11 bullfrogs
  2 gnoll sergeants
  An earth elemental (Elf:1)
  4 scorpions
  12 killer bees
  2 electric eels
  3 howler monkeys (D:11)
  3 jellies
  4 hounds
  39 orc priests
  4 iguanas
  20 orc wizards
  9 hell rats
  17 adders
  18 gnolls
  2 shadow imps
  A white imp (D:5)
  2 ufetubi
  3 worms
  10 dart slugs
  92 orcs
  6 ball pythons
  5 bats
  4 endoplasms
  8 giant cockroaches
  13 goblins
  8 hobgoblins
  A jackal (D:5)
  6 quokkas
  22 kobolds
  7 rats
  2 tentacles (Shoals:1)
941 creatures vanquished.

Vanquished Creatures (others)
  Bai Suzhen (Snake:3)
  A fire giant (D:15)
  A minotaur (Shoals:4)
  A two-headed ogre (D:9)
  A satyr (Shoals:4)
  A skyshark (Lair:2)
  An orc knight (Orc:1)
  Pikel (D:8)
  A manticore (Shoals:4)
  5 black mambas
  A guardian serpent (Snake:2)
  A cane toad (Lair:1)
  A wind drake (Lair:5)
  A hornet (Lair:5)
  3 trolls
  A vampire (D:11)
  A wraith (D:10)
  13 yaks
  A swamp worm (Lair:2)
  2 ice beasts
  2 orc warriors
  A wolf (Lair:3)
  A scorpion (D:6)
  5 jellies (Crypt:1)
  A gnoll bouda (D:5)
  An orc priest (D:12)
  4 iguanas
  11 gnolls
  A shadow imp (D:5)
  4 orcs (Bailey)
  59 snaplasher vines
  4 tentacles (Shoals:1)
133 creatures vanquished.

Grand Total: 1495 creatures vanquished

Notes
Turn   | Place    | Note
-------+----------+-------------------------------------------
     0 | D:1      | Irreverend the Felid Summoner began the quest for the Orb.
     0 | D:1      | Reached XP level 1. HP: 7/7 MP: 4/4
   205 | D:1      | Reached XP level 2. HP: 9/11 MP: 1/6
   332 | D:1      | Learned a level 2 spell: Call Imp
   352 | D:1      | Found Xuqan's Armour Boutique.
  1167 | D:2      | Noticed an ogre
  1194 | D:2      | Killed an ogre
  1195 | D:2      | Reached skill level 5 in Summonings
  1195 | D:2      | Reached XP level 3. HP: 14/14 MP: 1/8
  1195 | D:2      | Reached XP level 4. HP: 18/18 MP: 1/10
  1199 | D:2      | Learned a level 3 spell: Call Canine Familiar
  1203 | D:2      | Learned a level 3 spell: Summon Guardian Golem
  1590 | D:2      | Reached XP level 5. HP: 21/21 MP: 7/11
  1799 | D:2      | Reached skill level 1 in Hexes
  1898 | D:2      | Reached skill level 3 in Dodging
  2104 | D:2      | Reached skill level 1 in Fighting
  2456 | D:2      | Found Jophonil's Armour Boutique.
  3142 | D:3      | Found a glowing golden altar of the Shining One.
  3261 | D:3      | Found a faded altar of an unknown god.
  3363 | D:3      | Found a broken altar of Ashenzari.
  3570 | D:3      | Gained mutation: You are covered in thick fur. (AC +2)
                  | [Felid growth]
  3570 | D:3      | Reached XP level 6. HP: 25/25 MP: 12/12
  3669 | D:3      | Identified the +1 robe "Wich" {MP-9 Str+5 Archmagi}
  4030 | D:4      | Identified the +2 leather armour "Loloef" {rCorr Str+3
                  | Dex-5}
  4238 | D:4      | Found an iron altar of Okawaru.
  4656 | D:4      | Learned a level 4 spell: Summon Lightning Spire
  5002 | D:5      | Entered Level 5 of the Dungeon
  5048 | D:5      | Reached skill level 4 in Dodging
  5194 | D:5      | Reached XP level 7. HP: 24/30 MP: 6/14
  5200 | D:5      | Reached skill level 1 in Air Magic
  5704 | D:5      | Found a white marble altar of Elyvilon.
  6029 | D:5      | Reached skill level 5 in Dodging
  6770 | D:5      | Reached XP level 8. HP: 34/34 MP: 4/16
  7750 | D:6      | Reached skill level 5 in Spellcasting
  7874 | D:6      | Identified the +4 long sword "Supa" {venom, Contam Fly rN+
                  | Int+2}
  8429 | D:6      | Reached skill level 6 in Dodging
  8683 | D:7      | You are sucked into a shaft and drop 2 floors!
  8966 | D:8      | Found a flagged portal.
  9020 | Bailey   | Entered a bailey
 10003 | Bailey   | Reached skill level 8 in Dodging
 10003 | Bailey   | Reached XP level 9. HP: 41/41 MP: 18/18
 10332 | D:8      | Reached skill level 9 in Dodging
 10348 | D:8      | Reached XP level 10. HP: 46/46 MP: 10/19
 10456 | D:8      | Reached skill level 10 in Summonings
 10486 | D:8      | Learned a level 5 spell: Summon Forest
 10647 | D:8      | Reached skill level 1 in Translocations
 10924 | D:7      | Found a runed translucent gate.
 10924 | D:7      | Found a runed translucent gate.
 10924 | D:7      | Found a runed translucent gate.
 11031 | D:7      | Found a staircase to the Ecumenical Temple.
 11040 | Temple   | Entered the Ecumenical Temple
 12016 | D:7      | Noticed Starbright's ghost (novice OpCj)
 12140 | D:8      | Noticed Pikel
 12382 | D:8      | Killed Pikel
 12766 | D:8      | Reached skill level 10 in Dodging
 13355 | D:9      | Noticed a two-headed ogre
 13395 | D:9      | Killed a two-headed ogre
 13911 | D:10     | Entered Level 10 of the Dungeon
 13911 | D:10     | Found a staircase to the Lair.
 14148 | D:10     | Reached XP level 11. HP: 51/51 MP: 18/22
 14324 | D:10     | Reached skill level 5 in Translocations
 14701 | D:10     | Found an opulent altar of Gozag.
 14703 | D:10     | Noticed Gastronok
 14704 | D:10     | Found a shimmering blue altar of Sif Muna.
 15379 | D:10     | Reached skill level 11 in Dodging
 15746 | D:11     | Found Arogeari's General Store.
 16574 | D:11     | Noticed a two-headed ogre
 16610 | D:11     | Killed a two-headed ogre
 16961 | D:11     | Found a staircase to the Orcish Mines.
 17761 | D:10     | Killed Gastronok
 17811 | D:10     | Became a worshipper of Gozag Ym Sagoz the Greedy
 17938 | D:12     | Reached skill level 12 in Dodging
 18106 | D:12     | Gained mutation: Your thick and shaggy fur keeps you warm.
                  | (AC +3, rC+) [Felid growth]
 18106 | D:12     | Reached XP level 12. HP: 35/57 MP: 16/25
 18112 | D:12     | Noticed Snorg
 18115 | D:12     | Noticed a two-headed ogre
 18117 | D:12     | Killed Snorg
 18123 | D:12     | Killed a two-headed ogre
 18776 | Lair:1   | Entered Level 1 of the Lair of Beasts
 19846 | Lair:1   | Reached skill level 10 in Translocations
 19860 | Lair:1   | Reached skill level 13 in Dodging
 19867 | Lair:1   | Reached skill level 10 in Fighting
 20813 | Lair:2   | Found a staircase to the Snake Pit.
 21204 | Lair:2   | Noticed an eight-headed hydra
 21522 | Lair:2   | Killed an eight-headed hydra
 21523 | Lair:2   | Reached XP level 13. HP: 62/62 MP: 18/27
 21770 | Lair:2   | Reached skill level 14 in Dodging
 22585 | Lair:3   | Found a staircase to the Shoals.
 22636 | Lair:3   | Reached skill level 10 in Spellcasting
 23340 | Lair:4   | Found a staircase to the Slime Pits.
 23362 | Lair:4   | Reached skill level 15 in Dodging
 24370 | Lair:5   | Entered Level 5 of the Lair of Beasts
 24370 | Lair:5   | Noticed Kirke
 24628 | Lair:5   | Reached skill level 16 in Dodging
 25161 | Lair:5   | Reached XP level 14. HP: 69/69 MP: 26/29
 25663 | Lair:5   | Reached skill level 17 in Dodging
 25677 | Lair:5   | Upgraded the game from 0.31-a0-145-g046c7d2549 to
                  | 0.31-a0-149-g3fdcc5976a
 26310 | Lair:5   | Killed Kirke
 26582 | Lair:5   | Identified the +1 sling of a Hundred Xalams {drain, Contam
                  | rElec Str+4 Dex+8}
 26802 | Orc:1    | Entered Level 1 of the Orcish Mines
 26820 | Orc:1    | Noticed Harold
 26846 | Orc:1    | Killed Harold
 26940 | Orc:1    | Found Maaschaexa's Vocational Training.
 27044 | Orc:1    | Found Rifoaxiv's Jewellery Emporium.
 27496 | Orc:2    | Entered Level 2 of the Orcish Mines
 27821 | Orc:2    | Found a staircase to the Elven Halls.
 28018 | Orc:2    | Noticed Sonja
 28028 | Orc:2    | Killed Sonja
 28174 | Orc:2    | Reached skill level 18 in Dodging
 28783 | Orc:2    | Found Beg Vovabino's Antique Armour Shoppe.
 28783 | Orc:2    | Found Eliyl's Weapon Boutique.
 29312 | Orc:2    | Found Rosiy's Magic Scroll Shoppe.
 29312 | Orc:2    | Found Taiq's Armour Boutique.
 29336 | Orc:2    | Found a burning altar of Makhleb.
 29826 | D:11     | Bought a +6 ring of intelligence for 576 gold pieces
 29831 | D:11     | Bought a book of Beasts for 456 gold pieces
 29831 | D:11     | Bought a book of Transfigurations for 480 gold pieces
 29837 | D:11     | Learned a level 5 spell: Summon Mana Viper
 29845 | D:11     | Learned a level 7 spell: Monstrous Menagerie
 30002 | D:11     | Learned a level 6 spell: Statue Form
 30135 | Snake:1  | Entered Level 1 of the Snake Pit
 30241 | Snake:1  | Gained mutation: You are clumsy. (Dex -2) [mutagenic glow]
 30260 | Snake:1  | Reached skill level 1 in Transmutations
 30267 | Snake:1  | Reached skill level 1 in Earth Magic
 30747 | Snake:1  | Found a blossoming altar of Fedhas.
 31194 | Snake:1  | Reached XP level 15. HP: 76/76 MP: 14/30
 31539 | Snake:2  | Found the +3 greatsling "Punk" {acid, rCorr}
 31773 | Snake:2  | Reached skill level 19 in Dodging
 31774 | Snake:2  | Slain by a naga
 31775 | Snake:2  | Reached XP level 14. HP: -4/72 MP: 14/29
 31991 | Snake:2  | Found a frozen archway.
 32337 | Snake:2  | Reached skill level 15 in Fighting
 32468 | Snake:2  | Noticed a nagaraja
 32476 | Snake:2  | Killed a nagaraja
 32749 | Snake:2  | Reached skill level 5 in Transmutations
 33348 | Snake:3  | Found Begeamai's Book Emporium.
 33383 | Snake:3  | Bought a book of the Sky for 612 gold pieces
 33479 | Snake:3  | Gained mutation: You are dopey. (Int -2) [mutagenic glow]
 33553 | Snake:3  | Found Assipattle's Dragon-Slaying Spoils.
 33933 | Snake:3  | Found Nouhel's Weapon Boutique.
 34715 | Snake:3  | Noticed Nikola
 34744 | Snake:3  | Killed Nikola
 35278 | Snake:3  | Noticed Bai Suzhen
 35877 | Snake:3  | Noticed a nagaraja
 35899 | Snake:3  | Killed a nagaraja
 36268 | Snake:3  | Killed Bai Suzhen
 36489 | Snake:4  | Entered Level 4 of the Snake Pit
 36508 | Snake:4  | Reached XP level 15. HP: 77/77 MP: 23/30
 37025 | Snake:4  | Noticed a nagaraja
 37323 | Snake:4  | Killed a nagaraja
 37770 | Snake:4  | Found Ymeeruf's Tiny Tomes.
 37778 | Snake:4  | Bought the Papyrus of the Fisher for 288 gold pieces
 37786 | Snake:4  | Learned a level 7 spell: Storm Form
 38210 | Snake:4  | Noticed a nagaraja
 38224 | Snake:4  | Noticed a nagaraja
 38406 | Snake:4  | Killed a nagaraja
 38421 | Snake:4  | Noticed Vashnia
 38477 | Snake:4  | Killed Vashnia
 38478 | Snake:4  | Reached skill level 10 in Transmutations
 38659 | Snake:4  | Reached skill level 10 in Air Magic
 39173 | Snake:4  | Noticed a nagaraja
 39214 | Snake:4  | Killed a nagaraja
 39536 | Snake:4  | Killed a nagaraja
 39702 | Snake:4  | Got a serpentine rune of Zot
 41443 | D:14     | Reached XP level 16. HP: 73/81 MP: 14/31
 41914 | D:14     | Found a gate to the Vaults.
 41914 | D:14     | Identified the +1 robe "Fonuhux" {rElec Str+5}
 42123 | D:15     | Entered Level 15 of the Dungeon
 42879 | D:15     | Found a staircase to the Depths.
 43470 | D:15     | Reached skill level 1 in Unarmed Combat
 43659 | D:15     | Found a shadowy altar of Dithmenos.
 44021 | D:15     | Upgraded the game from 0.31-a0-149-g3fdcc5976a to
                  | 0.31-a0-150-g89dc3ad700
 44345 | Shoals:1 | Entered Level 1 of the Shoals
 44770 | Shoals:1 | Found Tegocror's Antique Weapon Shoppe.
 45248 | Shoals:1 | Noticed a kraken
 45413 | Shoals:1 | Killed a kraken
 46438 | Shoals:2 | Identified the +1 spear of Fekam {freeze, Will+ Int+3}
 46543 | Shoals:2 | Gained mutation: You are very dopey. (Int -4) [mutagenic
                  | glow]
 46779 | Shoals:2 | Identified the +4 sling of the Extremes {drain, rC+ rCorr}
 46960 | Shoals:2 | Got the Almanac of Sizzling Movement
 48265 | Shoals:2 | Found Cinul's Weapon Boutique.
 48912 | Shoals:3 | Found Dugon's Armour Shoppe.
 49974 | Shoals:3 | Reached skill level 5 in Unarmed Combat
 51351 | Shoals:4 | Entered Level 4 of the Shoals
 51644 | Shoals:4 | Reached XP level 17. HP: 74/85 MP: 16/32
 52067 | Shoals:4 | Demolished by a satyr
 52068 | Shoals:4 | Reached XP level 16. HP: -14/81 MP: 20/31
 52292 | Shoals:4 | Noticed Polyphemus
 53205 | Shoals:4 | Noticed a kraken
 53221 | Shoals:4 | Noticed a sphinx
 53233 | Shoals:4 | Killed a sphinx
 53898 | Shoals:4 | Noticed a sphinx
 53911 | Shoals:4 | Killed a sphinx
 54024 | Shoals:4 | Killed Polyphemus
 54113 | Shoals:4 | Got a barnacled rune of Zot
 54238 | Shoals:4 | Identified the amulet of Lugonu, Bespelling {Spirit rN+}
 54574 | Elf:1    | Entered Level 1 of the Elven Halls
 56058 | Elf:1    | Found a runed translucent door.
 56058 | Elf:1    | Noticed olmar's ghost (adept DrTm)
 56092 | Elf:1    | Killed olmar's ghost
 56177 | Elf:1    | Reached skill level 15 in Transmutations
 56177 | Elf:1    | Reached XP level 17. HP: 85/85 MP: 32/32
 56305 | Elf:1    | Found Mavaotekh's Weapon Emporium.
 56314 | Elf:1    | Found Plog's Assorted Antiques.
 56413 | Elf:1    | Bought a wavering crystal amulet for 140 gold pieces
 56413 | Elf:1    | Identified the amulet "Vuukenge" {Regen+ Int+3} (You bought
                  | it in a shop on level 1 of the Elven Halls)
 57890 | Elf:2    | Paralysed by an air elemental for 1 turns
 57915 | Elf:2    | Found Tuaminau's Jewellery Boutique.
 57918 | Elf:2    | Reached XP level 18. HP: 81/89 MP: 20/33
 58270 | Elf:2    | Found Mewu's Antique Weapon Boutique.
 58523 | Elf:2    | Found a runed translucent gate.
 58524 | Elf:2    | Found a runed translucent gate.
 58524 | Elf:2    | Found a runed translucent gate.
 58597 | Elf:2    | Reached skill level 10 in Unarmed Combat
 58657 | Elf:2    | Found Ebim Boe's Jewellery Shoppe.
 58700 | Elf:2    | Noticed Azrael
 59048 | Elf:2    | Killed Azrael
 59176 | Elf:2    | Found an ancient bone altar of Kikubaaqudgha.
 59396 | Elf:2    | Found Ymyzxi's Antique Armour Emporium.
 59412 | Elf:2    | Found a large runed translucent door.
 59412 | Elf:2    | Found a large runed translucent door.
 59416 | Elf:2    | Noticed Ewetirimn's ghost (adept MiBe)
 59471 | Elf:2    | Found Guettog's Weapon Boutique.
 59994 | Elf:2    | Reached skill level 15 in Air Magic
 61891 | Vaults:1 | Entered Level 1 of the Vaults
 63486 | Vaults:1 | Identified the +4 whip of Beogh's Benevolence {flame, Will+
                  | Stlth+}
 63664 | Vaults:1 | Reached XP level 19. HP: 79/93 MP: 34/34
 64708 | Vaults:2 | Found Qutuigg's Distillery.
 64816 | Vaults:2 | Found Rauphi's Armour Boutique.
 65076 | Vaults:2 | Bought the amulet "Koretouc" {RegenMP rC+ Will+ Int+3} for
                  | 838 gold pieces
 65369 | Vaults:2 | Found the +12 glaive of Prune {freeze, Prune}
 65911 | Vaults:2 | Bought Great Wizards, Vol. VII for 480 gold pieces
 67224 | Vaults:3 | Found a staircase to the Crypt.
 67302 | Vaults:3 | Found Sistriw's Assorted Antiques.
 67338 | Vaults:3 | Reached skill level 20 in Dodging
 68062 | Vaults:3 | Identified the +9 scimitar "Eraaf Veek" {vamp, Fragile
                  | rPois rC+ rN+++}
 68465 | Vaults:4 | Shot with a bolt by a yaktaur captain
 68466 | Vaults:4 | Reached XP level 18. HP: -4/90 MP: 42/42
 68479 | Vaults:4 | Noticed Boris
 68489 | Vaults:4 | Killed Boris
 68989 | Vaults:4 | Noticed Sojobo
 69006 | Vaults:4 | Reached XP level 19. HP: 79/95 MP: 26/34
 69017 | Vaults:4 | HP: 1/95 [hell knight/+5 war axe of flaming (9)]
 69017 | Vaults:4 | Slain by a hell knight
 69018 | Vaults:4 | Reached XP level 18. HP: -3/91 MP: 23/42
 70267 | Vaults:4 | Noticed Donald
 70278 | Vaults:4 | Killed Donald
 70473 | Vaults:4 | Reached skill level 21 in Dodging
 70507 | Vaults:4 | Killed Sojobo
 71305 | Vaults:4 | Bought a book of the Warp for 546 gold pieces
 71428 | Vaults:4 | Learned a level 4 spell: Manifold Assault
 71438 | Vaults:4 | Learned a level 4 spell: Passage of Golubria
 71537 | Vaults:2 | Bought a ring of resist corrosion for 300 gold pieces
 71837 | Slime:1  | Entered Level 1 of the Pits of Slime
 72396 | Slime:5  | Entered Level 5 of the Pits of Slime
 72401 | Slime:5  | Paralysed by a floating eye for 3 turns
 72662 | Slime:5  | Reached skill level 15 in Unarmed Combat
 72663 | Slime:5  | Noticed the Royal Jelly
 72677 | Slime:5  | Found a viscous altar of Jiyva.
 72680 | Slime:5  | Fell from the grace of Gozag
 72680 | Slime:5  | Became a worshipper of Jiyva Joxta the Shapeless
 73310 | Crypt:1  | Entered Level 1 of the Crypt
 74329 | Crypt:1  | Annihilated by a reaper

Illustrated notes

Levels and vault maps discovered:
D:1:      heliophobic_arrival_battle_scene, layout_loops_ring, serial_shops,
          shop_fountains, minmay_misc_feat_alley, minmay_domino_4
D:2:      minmay_spotlight, layout_basic, serial_shops,
          nicolae_shop_pleasant_corner_grove, minmay_misc_feat_hallway
D:3:      kennysheep_slugbush, layout_loops_ring, mainiacjoe_overflow_big_doors,
          hellmonk_ecumenical_altar_inner_sanctum
D:4:      layout_basic, mainiacjoe_overflow_tiny_flanked, grunt_decor_fettered,
          nicolae_half_adder
D:5:      minmay_octagon_keep, layout_layer_cave, overflow_temple_1_default
D:6:      layout_loops_corners
D:7:      layout_loops_ring, minmay_temple_entry_waves, gammafunk_ghost_icy
D:8:      layout_loops_ring, enter_bailey_3, uniq_pikel
D:9:      layout_irregular_city, kb_lookout_dungeons_type
D:10:     layout_cave_pods, nicolae_overflow_hidden_temple,
          minmay_lair_entry_grove, hangedman_abyss_or_decor_lesser_grid,
          st_stairs_8, uniq_gastronok
D:11:     layout_roguey, david_orc_3, serial_bayou, serial_bayou_ford_a,
          serial_bayou_pond_d, serial_bayou_lagoon_a, serial_bayou_crossing,
          nicolae_take_the_stairs
D:12:     layout_irregular_city, gauntlet_entry_generic, uniq_snorg
D:13:     layout_roguey
D:14:     layout_gridville, david_vaults_5
D:15:     grunt_enter_depths_giant_problem, layout_loops_ring,
          grunt_dithmenos_smoke_and_mirrors
Temple:   nicolae_temple_slightly_damp_pantheon
Lair:1:   layout_layer_cave
Lair:2:   layout_chaotic_city, minmay_snake_entry_six_corridors,
          cheibrodos_lair_caveside_slide, worms_lemuel, serial_bayou_shore_a
Lair:3:   layout_roguey, shoals_dummy_entry, bh_autumn_forest_stairs,
          grunt_forest_large_clearings
Lair:4:   layout_roguey, slime_entry_1, infiniplex_staircase_pool_2
Lair:5:   gammafunk_lair_ancient_temple, layout_cave_shapes,
          chequers_serial_rivers_room_b, guppyfry_lair_drakes,
          serial_bayou_shore_b, uniq_kirke
Shoals:1: layout_shoals, serial_shops, nicolae_shop_statue_plus
Shoals:2: layout_shoals, serial_shops, shop
Shoals:3: layout_shoals, serial_shops, nicolae_shop_mannequins
Shoals:4: shoals_end_hellmonk_lost_city, uniq_polyphemus
Snake:1:  layout_onion_interference, basic_altar, nicolae_snake_slithery_hallway
Snake:2:  layout_gridlike, portal_ice_cave_entry_pillars_three,
          nicolae_snake_gridmaze_entwining, grunt_ministairs_1
Snake:3:  layout_basic, serial_shops, nicolae_shop_hallway_stairs,
          nicolae_shop_advertising_works [nicolae_subvault_shop_adworks],
          nicolae_shop_dragon_depot, uniq_nikola, uniq_bai_suzhen
Snake:4:  grunt_snake_rune_serpentine_throne, layout_layer_cave,
          nicolae_shop_i_like_small_books_too, serial_bayou_pond_a,
          nicolae_snake_flat_spine
Slime:1:  cheibrodos_slime_lost_civilization_10, layout_caves
Slime:2:  layout_caves, nicolae_slime_barrier
Slime:3:  cheibrodos_slime_lost_civilization_8, layout_caves
Slime:4:  layout_caves
Slime:5
Orc:1:    layout_diamond_mine, minmay_shop_enchanted_jewellery,
          nicolae_shop_vocational, uniq_harold
Orc:2:    st_orc_town, layout_diamond_mine, bloody_makhleb, uniq_sonja
Elf:1:    elf_arrival_002, layout_rooms, hellmonk_ghost_happy_afterlife,
          hangedman_elf_disciples, minmay_shoptagon
Elf:2:    nicolae_elf_blades_crystal_corner, layout_gridlike,
          ebering_ghost_disaster_area, serial_shops, nicolae_shop_waterfront,
          shop, nicolae_shop_dealshenge, nicolae_shop_bloodbath_and_beyond,
          nicolae_shop_gibbet_a_chance, guppyfry_elf_altar, uniq_azrael
Vaults:1: v_pattern_2, nicolae_vaults_security_offices_5, nicolae_vaults_big_ls,
          v_alt_pattern_6, vaults_dpeg_ring, hangedman_vaults_nails, v_misc_4,
          vaults_room_door_ring, layout_vaults_big_room
Vaults:2: nicolae_vaults_trapezoid_2, nicolae_vaults_weapon_check,
          nicolae_vaults_diagonal_hallway_8, nicolae_vaults_apartment_1,
          nicolae_vaults_double_plus_2, layout_vaults_omnigrid, serial_shops,
          shop, shop_statue
Vaults:3: minmay_crypt_entry_simple_box, nicolae_vaults_tetromino_L_1,
          nicolae_vaults_little_squares_2, nicolae_vaults_shock_wave,
          nicolae_vaults_ninety_degrees, hangedman_vaults_snaps,
          nicolae_vaults_border_crossing, nicolae_vaults_trapezoid_lopsided_1,
          nicolae_vaults_tetromino_L_2, dpeg_vaults_monster_box,
          nicolae_vaults_trapezoid_3, v_misc_2, nicolae_vaults_three_branches,
          layout_vaults_omnicross, serial_shops, shop
Vaults:4: hangedman_vaults_maws, nicolae_vaults_offset_grid_hallway_4,
          ontoclasm_vaults_chip, nicolae_vaults_oval_intersection,
          hangedman_vaults_cutoff, nicolae_vaults_shipping_containers_5,
          v_pattern_5, vaults_room_pools, nicolae_vaults_what_the_h,
          ontoclasm_vaults_loading_screen, nicolae_vaults_circle_grid_b,
          v_rooms_6, vaults_dpeg_cross, layout_vaults_omnibox, uniq_boris,
          uniq_donald, uniq_sojobo
Crypt:1:  layout_rooms, grunt_crypt_arrival_webbed, grunt_megastairs_4

Skill      XL: |  1  2  3  4  5  6  7  8  9 10 11 12 13 14 15 16 17 18 19 |
---------------+----------------------------------------------------------+-----
Spellcasting   | 3 4 5 6 8 9 10 | 10.2
Summonings     | 5 6 9 10 | 10.0
Hexes          | 2 |  2.7
Dodging        | 3 4 5 8 9 10 12 13 16 18 19 21 20 | 21.0
Fighting       | 1 2 3 6 7 9 10 12 15 18 16 | 18.0
Air Magic      | 2 7 8 11 13 14 15 16 | 16.0
Translocations | 4 8 10 11 | 11.0
Transmutations | 8 11 15 14 16 | 16.0
Earth Magic    | 4 |  4.9
Unarmed Combat | 8 9 15 13 | 15.2
Stealth        | |  2.6

Action                     |  1- 3 |  4- 6 |  7- 9 | 10-12 | 13-15 | 16-18 | 19-21 || total
---------------------------+-------+-------+-------+-------+-------+-------+-------++-------
  Melee: Unarmed           |     1 |    10 |     5 |     3 |     5 |  1041 |   261 ||  1326
         Bite              |     1 |     2 |     2 |       |     1 |       |       ||     6
         Punch             |       |       |       |       |       |    76 |    36 ||   112
   Cast: Summon Small Mamm |    28 |    58 |    11 |     2 |       |       |       ||    99
         Call Imp          |     9 |    36 |    25 |    10 |     1 |     1 |       ||    82
         Call Canine Famil |       |    31 |    38 |    51 |    43 |       |       ||   163
         Summon Guardian G |       |       |    39 |    37 |    38 |     2 |       ||   116
         Summon Lightning  |       |       |       |    60 |   137 |    91 |     1 ||   289
         Summon Forest     |       |       |       |    32 |   136 |    98 |    12 ||   278
         Summon Mana Viper |       |       |       |       |   113 |   117 |     8 ||   238
         Monstrous Menager |       |       |       |       |     2 |     4 |       ||     6
         Storm Form        |       |       |       |       |       |   103 |    21 ||   124
         Manifold Assault  |       |       |       |       |       |    76 |       ||    76
 Invoke: Call Merchant     |       |       |       |       |     2 |     1 |     4 ||     7
         Potion Petition   |       |       |       |       |       |     2 |       ||     2
Ability: Blinkbolt         |       |       |       |       |       |    39 |     5 ||    44
  Evoke: Wand              |       |       |     1 |     1 |       |     1 |       ||     3
    Use: Potion            |       |       |     1 |       |    12 |    10 |     1 ||    24
         Scroll            |       |       |       |     8 |    16 |    23 |       ||    47
   Stab: Distracted        |       |     1 |     1 |       |       |    24 |    12 ||    38
         Betrayed ally     |       |       |       |     1 |       |     1 |       ||     2
         Sleeping          |       |       |       |       |       |     1 |       ||     1
 Armour: Skin              |     1 |     1 |     1 |     4 |    12 |   130 |    37 ||   186
  Dodge: Dodged            |     9 |    49 |    45 |    84 |   358 |  1234 |   318 ||  2097
  Block: Other             |       |     7 |     2 |       |       |       |       ||     9
         Reflection        |       |     1 |       |       |       |       |       ||     1

Table legend: (Time is in decaauts)
 A = Elapsed time spent in this place.
 B = Non-inter-level travel time spent in this place.
 C = Inter-level travel time spent in this place.
 D = Time resting spent in this place.
 E = Time spent auto-exploring this place.
 F = Levels seen in this place.
 G = Mean time per level.
                   A        B        C        D        E       F      G
               +--------+--------+--------+--------+--------+-----+--------+
         Total |  68123 |  64073 |   4050 |  28944 |  21631 |  44 | 1548.2 |
       Dungeon |  20597 |  18782 |   1815 |   6112 |   8576 |  15 | 1373.1 |
        Temple |    265 |    168 |     97 |      0 |    153 |   1 |  265.0 |
          Lair |   7553 |   6832 |    721 |   1692 |   3507 |   5 | 1510.6 |
        Shoals |   9517 |   9406 |    111 |   6082 |   1725 |   4 | 2379.2 |
     Snake Pit |   8904 |   8668 |    236 |   3840 |   2714 |   4 | 2226.0 |
    Slime Pits |   1016 |    982 |     34 |    707 |     29 |   5 |  203.2 |
  Orcish Mines |   3832 |   3675 |    157 |   2051 |   1030 |   2 | 1916.0 |
   Elven Halls |   5336 |   5069 |    267 |   2965 |    981 |   2 | 2668.0 |
        Vaults |   9100 |   8493 |    607 |   4355 |   2776 |   4 | 2275.0 |
         Crypt |    973 |    973 |      0 |    663 |     55 |   1 |  973.0 |
        Bailey |   1025 |   1025 |      0 |    474 |     82 |   1 | 1025.0 |
               +--------+--------+--------+--------+--------+-----+--------+

Top non-repeatable levels by time:
   Elf:2: 3137 daAuts
 Snake:4: 3094 daAuts
   Orc:2: 3055 daAuts
 Snake:3: 2869 daAuts
Shoals:4: 2860 daAuts
Vaults:4: 2858 daAuts
Shoals:2: 2533 daAuts
Shoals:3: 2491 daAuts
Vaults:3: 2370 daAuts
   Elf:1: 2199 daAuts
    D:11: 2198 daAuts
Vaults:1: 2120 daAuts
  Lair:5: 2042 daAuts
    D:10: 1997 daAuts
    D:15: 1847 daAuts
